Map: Bridgehead LE (Void)

Players

Southpaw

  • Race: Zerg Zerg
  • League: Silver

Javert - Winner!

  • Race: Zerg Zerg
  • League: Silver

VOD

Have the link to the VOD?

Description

Time

  • Played on: July 15, 2015, 10:20 p.m.
  • Length: 9:49
Show
View Real Time Build Order
Export as new Build Order

Southpaw Zerg 

Build Orders: Pool First 

Get SALT Encoding   

  12  0:01  Drone  
  13  0:11  Drone  
  14  0:18  Overlord  
  14  0:25  Extractor  
  14  0:26  Drone  
  14  0:27  Extractor  
  13  0:29  Drone  
  16  0:37  Drone  
  17  0:49  Spawning Pool  
  16  0:50  Extractor  
  16  0:52  Drone  
  16  0:56  Drone  
  17  1:22  Hatchery  
  16  1:35  Queen  
  16  1:39  Zergling x4  
  20  1:44  Overlord  
  20  1:50  Drone  
  21  1:55  Metabolic Boost  
  21  2:02  Drone  
  22  2:13  Baneling Nest  
  21  2:17  Drone  
  22  2:24  Drone  
  23  2:41  Queen  
  25  2:55  Overlord x2  
  25  2:57  Drone x4  
  29  3:17  Zergling x8  
  29  3:19  Baneling  
  33  3:20  Baneling  
  33  3:24  Pneumatized Carapace  
  33  3:27  Drone x3  
  35  3:31  Drone  
  37  3:48  Drone x7  
  44  4:14  Spine Crawler  
  42  4:42  Drone  
  43  4:45  Lair  
  43  4:47  Roach Warren, Overlord  
  43  4:48  Overlord x4, Extractor  
  41  4:56  Baneling x2  
  41  5:17  Drone x8  
  41  5:19  Drone  
  41  5:20  Drone x2  
  41  5:21  Drone, Extractor  
  53  5:22  Extractor  
  53  5:25  Evolution Chamber, Drone  
  53  5:26  Evolution Chamber, Drone x3  
  53  5:49  Drone x2  
  56  5:55  Zerg Missile Weapons Level 1  
  56  5:56  Zerg Ground Armor Level 1  
  55  6:00  Hydralisk Den  
  54  6:04  Roach  
  54  6:05  Roach x2  
  54  6:10  Roach  
  54  6:11  Roach  
  64  6:13  Hatchery  
  64  6:14  Roach  
  64  6:15  Roach  
  64  6:18  Drone x3  
  70  6:20  Lurker Den  
  70  6:46  Roach x6  
  77  7:18  Roach x5  
  77  7:27  Queen  
  77  7:33  Roach x8  
  87  7:42  Roach x5  
  85  7:53  Roach x3  
  89  7:59  Overlord x3, Spine Crawler, Queen  
  89  8:00  Overlord  
  90  8:10  Glial Reconstitution  
  90  8:17  Extractor  
  90  8:19  Drone x5, Extractor  
  94  8:20  Drone, Roach  
  94  8:21  Roach x2  
  94  8:26  Hydralisk  
  102  8:54  Drone x6  
  102  8:55  Drone x9  
  113  9:05  Hydralisk x4  
  111  9:19  Hydralisk x4  
  101  9:27  Roach  
Show
View Real Time Build Order
Export as new Build Order

Javert Zerg - Winner!

Build Orders: Hatch First 

Get SALT Encoding   

  12  0:01  Drone  
  13  0:13  Overlord  
  13  0:18  Drone  
  14  0:31  Drone  
  14  0:32  Drone  
  17  0:35  Drone  
  17  0:46  Drone  
  18  0:59  Hatchery  
  18  1:03  Drone  
  18  1:06  Extractor  
  17  1:13  Drone  
  17  1:17  Spawning Pool  
  17  1:21  Drone  
  18  1:33  Drone  
  19  1:42  Drone  
  20  1:52  Overlord  
  20  2:02  Drone  
  21  2:08  Metabolic Boost  
  21  2:09  Queen  
  21  2:11  Queen  
  21  2:13  Zergling x4  
  27  2:22  Zergling x2  
  27  2:45  Drone x5  
  32  2:57  Drone x2  
  34  3:06  Overlord  
  34  3:18  Drone x2  
  36  3:28  Drone x3  
  36  3:29  Drone x3  
  42  3:40  Drone x2  
  44  3:47  Extractor  
  43  3:50  Drone  
  44  3:59  Overlord  
  44  4:01  Extractor  
  43  4:04  Drone  
  44  4:14  Overlord  
  44  4:18  Overlord  
  44  4:24  Drone x6  
  46  4:25  Drone x2  
  49  4:40  Roach Warren  
  49  4:43  Evolution Chamber  
  49  4:44  Drone x8  
  49  4:45  Lair  
  55  4:47  Evolution Chamber  
  54  4:56  Drone x2, Extractor  
  55  5:05  Overlord  
  55  5:09  Zerg Missile Weapons Level 1  
  55  5:17  Zerg Ground Armor Level 1  
  55  5:21  Roach x6  
  67  5:23  Overlord x3  
  67  5:34  Roach  
  67  5:35  Roach  
  73  5:50  Roach x6  
  83  6:00  Queen  
  83  6:02  Glial Reconstitution  
  83  6:03  Baneling Nest  
  84  6:05  Roach  
  84  6:06  Roach x5  
  84  6:07  Hatchery  
  84  6:08  Overlord  
  95  6:18  Overlord  
  95  6:20  Overseer  
  96  6:25  Drone x2  
  96  6:26  Drone x2  
  99  6:34  Roach x4  
  99  6:38  Burrow  
  107  6:50  Hydralisk Den  
  107  6:52  Hatchery  
  99  7:08  Roach x8  
  107  7:18  Roach  
  107  7:19  Roach x4  
  105  7:37  Roach x3  
  107  7:41  Lurker Den  
  103  7:49  Roach  
  103  7:50  Roach x5  
  107  7:58  Roach  
  109  8:18  Roach x4  
  117  8:25  Drone  
  117  8:26  Drone x7  
  125  8:34  Overseer  
  125  8:40  Extractor x2  
  123  8:41  Roach  
  123  8:42  Roach  
  123  8:43  Overlord x2  
  127  8:51  Extractor, Queen  
  127  8:52  Extractor  
  127  9:08  Roach x5  
  123  9:17  Roach x10  
Tags
 
Add a new tag
Caveats
  • Supply blocks, unpowered buildings, or Contaminate may cause inaccurate times.
  • Supply counts are checked every 10 seconds.